 Dungeon Crawl Stone Soup version 0.30-a0-845-g7c6808c8ce (webtiles) character file.

Game seed: 7781469882608446470

5 greenreed the Sneak (level 1, -7/9 HPs)
             Began as a Spriggan Enchanter on Mar 2, 2023.
             Mangled by a gnoll
             ... wielding a +0 flail
              (11 damage)
             ... on level 1 of the Dungeon.
             The game lasted 00:01:10 (185 turns).

greenreed the Sneak (Spriggan Enchanter)             Turns: 185, Time: 00:01:10

Health: -7/9       AC:  2    Str:  4    XL:     1   Next: 66%
Magic:  5/5        EV: 17    Int: 16    God:
Gold:   15         SH:  0    Dex: 15    Spells: 5/5 levels left

rFire   . . .      SeeInvis +    a - +1 dagger
rCold   . . .      Faith    .    (no shield)
rNeg    . . .      Spirit   .    b - +0 robe
rPois   .          Reflect  .    (helmet restricted)
rElec   .          Rampage  .    (no cloak)
rCorr   .                        (gloves unavailable)
Will    .....                    (boots unavailable)
Stlth   +++                      (no amulet)
HPRegen 0.21/turn                (no ring)
MPRegen 0.09/turn                (no ring)

@: very quick
A: very small, no large weapons, unfitting armour, see invisible, speed 3
a: no special abilities


You were on level 1 of the Dungeon.
You visited 1 branch of the dungeon, and saw 1 of its levels.

You collected 15 gold pieces.

Inventory:

Hand Weapons
 a - a +1 dagger (weapon)
Missiles
 d - a throwing net (quivered)
Armour
 b - a +0 robe (worn)
Potions
 c - 2 potions of invisibility


   Skills:
 + Level 1.1 Short Blades
 + Level 2.6 Dodging
 + Level 4.4 Stealth
 * Level 2.9 Spellcasting
 * Level 3.9 Hexes


You had 5 spell levels left.
You didn't know any spells.
Your spell library contained the following spells:

 Spells                   Type           Power      Damage    Failure   Level
 Confusing Touch          Hex            15%        N/A       11%         3
 Tukima's Dance           Hex            15%        N/A       11%         3
 Ensorcelled Hibernation  Hex/Ice        16%        N/A       13%         2
 Dazzling Flash           Conj/Hex       16%        N/A       26%         3


Dungeon Overview and Level Annotations

Branches:
Dungeon (1/15)

Altars:


Innate Abilities, Weirdness & Mutations

You are very small and have problems with some larger weapons.
You are too small for most types of armour.
You have supernaturally acute eyesight. (SInv)
You cover ground extremely quickly. (Speed+++)


Message History

The bat hits you but does no damage.
You closely miss the bat. The bat barely misses you.
You hit the bat but do no damage. The bat completely misses you.
The bat closely misses you. The gnoll misses you.
The bat completely misses you. The bat attacks as you move away!
The bat closely misses you. x2
There are monsters nearby!
There are monsters nearby!
You barely miss the bat. The bat closely misses you. The bat barely misses you.
You hit the bat but do no damage. The bat closely misses you.
You barely miss the bat. The bat barely misses you.
You hit the bat but do no damage. The bat barely misses you.
The bat closely misses you.
You hit the gnoll but do no damage. The bat closely misses you.
The gnoll misses you.
You closely miss the gnoll. The bat hits you but does no damage.
The gnoll barely misses you.
You closely miss the gnoll. The bat barely misses you.
You hit the gnoll.
The gnoll is lightly wounded.
The bat hits you but does no damage. The gnoll closely misses you.
You barely miss the gnoll.
The gnoll is lightly wounded.
The bat completely misses you. The gnoll misses you.
You closely miss the gnoll.
The gnoll is lightly wounded.
The bat hits you. The gnoll completely misses you.
The bat hits you but does no damage.
You hit the gnoll but do no damage.
The gnoll is lightly wounded.
The bat hits you but does no damage. The gnoll completely misses you.
You hit the gnoll but do no damage.
The gnoll is lightly wounded.
The bat closely misses you. The gnoll hits you with a +0 flail.
You completely miss the gnoll.
The gnoll is lightly wounded.
The bat hits you. The gnoll hits you with a +0 flail!
Ouch! That really hurt!
You die...

.#...<....#.#.#....##...#........
.#.######## #.##....#.##..)......
.#........ #.##....#.##.........
################......##.........
#....##...###.................
#...........#....#.##.........
###.....####.......#.##.........
........# ##†.....#..#.........
##.#....####...@b...............
# #..........g#.....>.
#...........###...##
#............#......
#...†...............
#...................
###................. ..
#.................
#...#.#.##.##.........


You could see a gnoll and a bat.

Vanquished Creatures
  A dart slug (D:1)
  2 ball pythons (D:1)
  A kobold (D:1)
4 creatures vanquished.

Notes
Turn   | Place    | Note
-------+----------+-------------------------------------------
     0 | D:1      | greenreed the Spriggan Enchanter began the quest for the
                  | Orb.
     0 | D:1      | Reached XP level 1. HP: 9/9 MP: 5/5
   185 | D:1      | Mangled by a gnoll

Illustrated notes

Levels and vault maps discovered:
D:1:      matt_arrival_spirals, layout_rooms,
          hellmonk_ecumenical_altar_inner_sanctum, dk_noncrumbling_2,
          minivault_27, roderic_lattice_a

Action                     || total
---------------------------++-------
  Melee: Dagger            ||    28
   Stab: Sleeping          ||     1
 Armour: Robe              ||     7
  Dodge: Dodged            ||    33

Table legend: (Time is in decaauts)
 A = Elapsed time spent in this place.
 B = Non-inter-level travel time spent in this place.
 C = Inter-level travel time spent in this place.
 D = Time resting spent in this place.
 E = Time spent auto-exploring this place.
 F = Levels seen in this place.
 G = Mean time per level.
                   A        B        C        D        E       F      G
               +--------+--------+--------+--------+--------+-----+--------+
         Total |    124 |    124 |      0 |      0 |     69 |   1 |  124.0 |
       Dungeon |    124 |    124 |      0 |      0 |     69 |   1 |  124.0 |
               +--------+--------+--------+--------+--------+-----+--------+

Top non-repeatable levels by time:
     D:1: 124 daAuts
